Map: Odyssey LE

Players

Awers (Hades) - Winner!

  • Race: Terran Terran
  • Spawn Location: 5:00

ZhuGeLiang

  • Race: Zerg Zerg
  • Spawn Location: 11:00

Event: WCS Jonkoping 2017

VOD

Have the link to the VOD?

Description

Time

  • Played on: June 17, 2017, 6:29 a.m.
  • Length: 20:50

All games in this series

Show
View Real Time Build Order
Export as new Build Order

Awers Terran - Winner!

Build Orders: Reaper Expand, Mech, Banshee Rush 

Get SALT Encoding   

  12  0:01  SCV  
  13  0:13  SCV  
  14  0:17  Supply Depot  
  14  0:25  SCV  
  14  0:27  Refinery  
  15  0:38  SCV  
  16  0:44  Barracks  
  16  0:51  SCV  
  17  1:03  SCV  
  18  1:15  SCV  
  19  1:31  Orbital Command, Reaper  
  20  1:44  Command Center  
  20  1:55  Factory  
  20  1:59  SCV  
  21  2:05  Barracks Reactor  
  21  2:11  SCV  
  22  2:16  Supply Depot  
  22  2:23  SCV  
  22  2:28  Refinery  
  23  2:38  SCV  
  23  2:42  Starport  
  24  2:47  Hellion x2  
  24  2:50  SCV  
  29  2:55  Orbital Command  
  29  3:01  Barracks Tech Lab  
  29  3:02  SCV  
  30  3:09  Hellion  
  30  3:12  Hellion  
  34  3:15  SCV  
  35  3:24  SCV  
  36  3:27  Cloaking Field  
  36  3:29  SCV  
  36  3:32  Banshee  
  39  3:36  SCV  
  39  3:38  Supply Depot  
  40  3:41  SCV  
  40  3:46  Widow Mine  
  40  3:48  SCV, Widow Mine  
  46  4:00  SCV x2  
  46  4:01  Supply Depot  
  48  4:12  SCV x2  
  50  4:17  Banshee  
  50  4:19  Command Center  
  54  4:24  SCV x2  
  54  4:30  Armory  
  55  4:31  Refinery  
  55  4:32  Refinery  
  55  4:36  SCV  
  55  4:38  Supply Depot  
  56  4:39  SCV  
  57  4:48  SCV  
  57  4:51  SCV  
  59  4:54  Hellion  
  63  5:00  Hellion, SCV  
  63  5:04  SCV  
  65  5:07  Banshee  
  65  5:11  Supply Depot  
  69  5:14  SCV  
  69  5:18  Terran Vehicle Weapons Level 1  
  69  5:20  SCV  
  70  5:22  Factory  
  70  5:30  SCV  
  70  5:31  Hellion x2  
  70  5:32  SCV  
  70  5:33  Factory  
  76  5:42  SCV  
  72  5:47  SCV  
  67  5:54  Hellion x2, SCV  
  67  5:56  Supply Depot  
  72  5:59  SCV, Orbital Command  
  73  6:07  Factory, SCV  
  73  6:08  Factory  
  73  6:10  Refinery  
  73  6:11  Refinery  
  74  6:15  Starport Reactor  
  72  6:22  Factory Tech Lab  
  72  6:26  SCV  
  72  6:27  SCV  
  72  6:32  SCV  
  74  6:34  Siege Tank  
  74  6:38  Hellion x2, SCV  
  74  6:39  SCV  
  83  6:44  SCV  
  83  6:45  Thor  
  90  6:50  SCV  
  90  6:52  Factory Tech Lab  
  89  6:58  SCV  
  89  6:59  Hellbat, SCV  
  93  7:08  Supply Depot  
  93  7:09  Supply Depot  
  93  7:10  Engineering Bay  
  93  7:19  Siege Tank, SCV x3, Medivac  
  93  7:20  Terran Vehicle Weapons Level 2  
  101  7:28  Armory  
  101  7:29  Siege Tank  
  104  7:31  Thor, SCV  
  104  7:32  SCV  
  104  7:34  SCV  
  113  7:40  Supply Depot  
  113  7:42  Missile Turret  
  113  7:44  SCV x2  
  114  7:48  Hellion  
  117  7:54  Supply Depot  
  117  7:56  Supply Depot x2  
  117  8:01  Siege Tank, SCV x2  
  117  8:02  Hellion, SCV  
  125  8:06  Missile Turret  
  125  8:09  Supply Depot  
  125  8:11  Siege Tank  
  125  8:12  Supply Depot  
  122  8:15  Hellion, Siege Tank  
  122  8:17  Hellion x2  
  131  8:22  Terran Vehicle And Ship Armor Level 1  
  131  8:29  Starport  
  131  8:33  Hellion, Starport Reactor  
  131  8:34  Hellion  
  135  8:36  Supply Depot  
  135  8:37  Supply Depot  
  135  8:48  Command Center  
  135  8:50  Thor  
  141  8:58  Siege Tank x2  
  141  8:59  Hellion  
  149  9:08  Hellion x2  
  143  9:24  Hellion  
  143  9:25  Hellion  
  143  9:27  Starport Tech Lab, Viking x2  
  143  9:30  Siege Tank, Thor, Starport  
  160  9:33  Siege Tank  
  161  9:40  Terran Vehicle Weapons Level 3  
  161  9:45  Sensor Tower  
  161  9:46  Supply Depot x2  
  161  9:50  Hellion  
  163  9:56  Medivac  
  163  9:57  Hyperflight Rotors  
  163  9:59  Viking  
  167  10:03  Siege Tank  
  154  10:14  Siege Tank, Hellion  
  154  10:21  Siege Tank, Hellion  
  159  10:23  SCV, Starport Tech Lab  
  159  10:24  SCV  
  159  10:27  SCV  
  162  10:34  Hellion x2  
  167  10:36  Infernal Pre-Igniter  
  153  11:02  Siege Tank, Hellion x2  
  144  11:05  Banshee x2  
  144  11:06  Hellion x2, Viking  
  154  11:18  Siege Tank, Hellion  
  157  11:23  Hellion  
  157  11:24  SCV x2  
  161  11:28  Hellion x2  
  165  11:38  SCV x2  
  165  11:48  Banshee  
  165  11:52  Viking x3  
  171  11:59  Planetary Fortress  
  172  12:01  SCV  
  172  12:03  Terran Vehicle And Ship Armor Level 2  
  172  12:06  Refinery  
  172  12:14  Sensor Tower  
  172  12:16  Missile Turret  
  172  12:17  Refinery  
  172  12:19  Missile Turret  
  172  12:25  Siege Tank, Hellion x3  
  181  12:31  Viking x2  
  181  12:32  Banshee  
  188  12:37  Viking  
  188  12:42  Terran Ship Weapons Level 1  
  190  13:01  Viking x2  
  194  13:07  Raven, Command Center  
  194  13:08  Missile Turret  
  196  13:15  Viking  
  198  13:31  Viking  
  200  13:35  Command Center  
  200  13:41  Recalibrated Explosives, Corvid Reactor  
  200  13:46  Starport x2  
  200  13:54  Missile Turret  
  180  14:17  Viking  
  180  14:18  Raven x2  
  180  14:19  Viking  
  180  14:22  Siege Tank, Hellion  
  186  14:28  Viking  
  186  14:29  Viking  
  178  14:45  Siege Tank, Hellion x3  
  189  14:46  Hellion  
  189  14:48  Terran Ship Weapons Level 2, Terran Vehicle And Ship Armor Level 3  
  189  15:03  Barracks  
  182  15:19  Thor  
  182  15:21  Siege Tank, Thor, Hellion  
  187  15:23  Raven  
  192  15:31  Viking x2  
  196  15:46  Command Center  
  187  16:01  Raven  
  187  16:02  Starport Tech Lab x2  
  189  16:06  Raven  
  185  16:12  Siege Tank, Hellion  
  185  16:17  Viking  
  183  16:23  Hellion x3  
  189  16:26  Planetary Fortress  
  189  16:39  Hellion x3  
  195  16:44  Hellion  
  197  16:48  Hellion  
  197  17:02  Refinery  
  176  17:09  Siege Tank, Hellion  
  176  17:12  Raven x2  
  176  17:13  Siege Tank, Hellion  
  176  17:14  Hellion  
  180  17:32  Siege Tank, Hellion x2  
  180  17:33  Hellion  
  180  17:35  Hellion  
  187  17:41  Siege Tank  
  189  17:45  Hellion, Refinery  
  189  17:46  Refinery, Missile Turret  
  189  17:48  Missile Turret  
  185  17:53  Hellion  
  185  17:54  Hellion x2  
  185  17:56  Hellion  
  193  18:04  Siege Tank  
  196  18:07  Siege Tank  
  199  18:13  Orbital Command  
  191  18:37  Siege Tank, Hellion x2  
  191  18:41  Hellion  
  198  18:50  Siege Tank, Hellion x2  
  198  18:55  Raven x2  
  174  19:03  Hellion  
  174  19:04  Hellion x2  
  174  19:09  Siege Tank  
  181  19:24  Siege Tank, Hellion, Orbital Command  
  186  19:34  Hellion  
  186  19:39  Hellion  
  186  19:40  Refinery  
  186  19:41  Siege Tank  
  186  19:43  Refinery  
  162  19:49  Hellion  
  162  19:50  Hellion  
  134  19:54  Hellion  
  134  19:56  Hellion, Siege Tank  
  134  19:58  SCV  
  133  20:00  Siege Tank  
  133  20:11  Hellion x2  
  137  20:18  Hellion  
Show
View Real Time Build Order
Export as new Build Order

ZhuGeLiang Zerg 

Build Orders: Hatch First, Swarm Host 

Get SALT Encoding   

  12  0:01  Drone  
  13  0:12  Overlord  
  13  0:17  Drone  
  14  0:31  Drone x2  
  14  0:34  Drone  
  17  0:51  Hatchery  
  17  0:55  Drone  
  17  0:57  Drone  
  17  1:03  Extractor  
  17  1:13  Spawning Pool  
  17  1:16  Drone  
  17  1:19  Drone  
  18  1:28  Drone  
  19  1:39  Overlord  
  19  1:59  Queen  
  19  2:00  Zergling x4  
  23  2:02  Queen  
  23  2:03  Metabolic Boost  
  23  2:06  Zergling x2  
  26  2:11  Drone  
  26  2:13  Drone  
  28  2:22  Drone  
  29  2:24  Drone  
  30  2:33  Overlord  
  30  2:35  Queen  
  32  2:39  Drone  
  33  2:46  Drone x2  
  33  2:50  Queen  
  37  2:54  Overlord  
  37  2:57  Drone  
  38  3:05  Drone  
  39  3:08  Drone x4  
  39  3:11  Drone  
  44  3:15  Drone  
  44  3:16  Drone  
  44  3:19  Drone  
  47  3:28  Hatchery  
  47  3:31  Drone  
  47  3:37  Queen  
  47  3:39  Overlord  
  49  3:41  Queen  
  49  3:45  Zergling x2  
  52  3:49  Overlord  
  52  3:57  Zergling x10  
  52  3:59  Drone x2  
  59  4:06  Drone  
  60  4:11  Drone  
  60  4:12  Queen  
  63  4:17  Evolution Chamber  
  63  4:19  Spore Crawler  
  63  4:20  Lair  
  63  4:24  Spore Crawler  
  60  4:29  Overlord  
  60  4:31  Overlord  
  60  4:34  Roach Warren  
  59  4:44  Zerg Missile Weapons Level 1  
  59  4:45  Spore Crawler, Drone x6  
  64  4:54  Queen  
  64  4:56  Extractor  
  64  4:58  Drone x2  
  67  5:08  Drone  
  67  5:09  Drone x7  
  75  5:15  Extractor  
  75  5:16  Overlord  
  75  5:18  Overseer  
  74  5:24  Overlord  
  74  5:28  Overlord  
  74  5:30  Drone x2  
  74  5:31  Drone x4  
  73  5:43  Drone x3  
  73  5:45  Drone x2  
  73  5:49  Drone x2  
  81  5:50  Drone  
  81  5:55  Infestation Pit, Drone x2  
  81  5:56  Drone  
  83  6:00  Drone x3  
  86  6:06  Extractor, Overlord  
  86  6:07  Drone  
  86  6:17  Drone x3  
  87  6:23  Extractor x2  
  81  6:26  Roach x7  
  93  6:33  Glial Reconstitution  
  93  6:36  Overlord  
  93  6:39  Zerg Missile Weapons Level 2  
  92  6:45  Overlord  
  92  6:49  Drone  
  92  6:51  Drone x3  
  92  6:52  Drone, Overlord  
  97  6:54  Hatchery  
  97  7:01  Swarm Host x3  
  96  7:05  Hatchery  
  108  7:14  Overlord  
  108  7:15  Swarm Host  
  108  7:16  Swarm Host x2  
  108  7:21  Drone  
  121  7:28  Zergling x6  
  124  7:35  Drone  
  124  7:36  Drone x6  
  135  7:44  Hatchery  
  135  7:46  Swarm Host x2  
  135  7:48  Overlord x3  
  135  7:50  Overlord x3  
  146  8:04  Overlord  
  146  8:07  Hatchery  
  146  8:10  Overlord  
  145  8:13  Infestor x2, Overlord  
  145  8:15  Infestor  
  151  8:21  Spore Crawler  
  151  8:22  Extractor  
  151  8:23  Extractor, Drone x8  
  151  8:24  Spore Crawler  
  155  8:33  Swarm Host, Hive  
  158  8:40  Swarm Host  
  163  8:50  Swarm Host x3, Spine Crawler x2  
  170  8:55  Zerg Ground Armor Level 1  
  170  8:57  Overseer, Swarm Host  
  170  9:00  Drone  
  170  9:01  Drone x7  
  181  9:07  Swarm Host  
  191  9:21  Swarm Host  
  197  9:30  Spore Crawler, Drone  
  197  9:31  Drone  
  198  9:32  Extractor  
  198  9:34  Swarm Host, Spine Crawler  
  199  9:44  Pneumatized Carapace  
  199  9:46  Adrenal Glands  
  199  9:48  Evolution Chamber  
  198  9:56  Spine Crawler x2  
  198  9:57  Spine Crawler  
  195  10:01  Roach x2  
  199  10:13  Spire  
  198  10:14  Spire  
  197  10:23  Zergling x6  
  197  10:26  Spine Crawler  
  197  10:27  Spine Crawler  
  197  10:28  Spine Crawler x2  
  196  10:29  Spine Crawler x2  
  196  10:30  Drone x3  
  196  10:33  Spine Crawler  
  196  10:44  Drone  
  196  10:45  Drone  
  198  11:07  Zerg Ground Armor Level 2, Zerg Missile Weapons Level 3  
  195  11:14  Swarm Host x2  
  193  11:18  Roach  
  193  11:19  Roach x3  
  193  11:23  Ravager x3  
  199  11:29  Greater Spire, Zerg Flyer Weapons Level 1  
  199  11:43  Hatchery  
  177  11:55  Roach x11  
  199  12:21  Roach  
  198  12:28  Ravager x3  
  199  12:49  Zerg Flyer Armor Level 1  
  199  12:53  Overseer  
  193  13:03  Corruptor x4  
  198  13:08  Overseer x2  
  194  13:16  Corruptor x2  
  198  13:23  Zerg Melee Weapons Level 1  
  196  13:36  Corruptor  
  198  13:41  Spine Crawler  
  198  13:42  Spine Crawler  
  198  13:43  Corruptor, Extractor, Spine Crawler x3  
  198  13:44  Corruptor x2  
  198  13:49  Zerg Ground Armor Level 3  
  198  13:51  Hydralisk Den  
  195  14:22  Spine Crawler, Drone x3  
  197  14:24  Spine Crawler  
  197  14:25  Spine Crawler x3  
  193  14:36  Roach x4  
  190  15:23  Corruptor x4  
  186  15:31  Tunneling Claws, Burrow  
  186  15:32  Zerg Melee Weapons Level 2  
  186  15:33  Zerg Flyer Weapons Level 2, Zerg Flyer Armor Level 2  
  178  15:38  Corruptor  
  178  15:39  Corruptor x9  
  198  15:44  Zergling x2  
  197  15:54  Overlord  
  197  15:55  Overlord x2  
  191  16:05  Overlord x2  
  170  16:14  Roach  
  170  16:15  Roach x16  
  193  16:20  Roach x5  
  197  16:32  Hydralisk  
  197  16:39  Roach x3  
  199  16:52  Roach x9  
  197  16:57  Roach x16  
  187  17:08  Roach x14  
  187  17:14  Roach  
  147  17:33  Hydralisk x8  
  147  17:34  Hydralisk x10  
  109  17:44  Roach  
  109  17:45  Roach x8  
  109  17:47  Hydralisk x3  
  109  17:50  Roach x3  
  125  17:56  Hydralisk x8  
  141  18:07  Roach x2  
  141  18:08  Roach x3  
  151  18:26  Roach  
  155  18:27  Roach x10  
  155  18:32  Viper x2  
  165  18:38  Roach x3  
  158  18:52  Roach x6  
  154  19:05  Roach x3  
  154  19:06  Roach  
  157  19:19  Hatchery  
  138  19:44  Roach  
  138  19:45  Roach x7  
  89  20:01  Drone x4  
  93  20:19  Drone x3  
  96  20:22  Roach x13  
Tags
 
Add a new tag
Caveats
  • Supply blocks, unpowered buildings, or Contaminate may cause inaccurate times.
  • Supply counts are checked every 10 seconds.